[Event "Team 45 45 League T61"]
[Site "Internet Chess Club"]
[Date "2014.07.01"]
[Round "5"]
[White "Nathan-L"]
[Black "laurenpar"]
[Result "1-0"]
[WhiteElo "1840"]
[BlackElo "1924"]
[Opening "English opening"]
[ECO "A13"]
[Time "08:30:19"]
[TimeControl "2700+45"]

1. c4 e6 2. Nf3 f5 3. d4 Nf6 4. Nc3 Bb4 5. Bd2 O-O 6. e3 b6 7. a3 Bxc3 8. Bxc3
c5 9. dxc5 bxc5 10. Be2 Nc6 11. b4 Ne4 12. Qc2 d6 13. O-O Qc7 14. b5 Nxc3 15.
Qxc3 Ne7 16. Rfd1 Bb7 17. a4 Rae8 18. Rac1 f4 19. Ng5 Nf5 20. exf4 Nd4 21. Rxd4
cxd4 22. Qxd4 e5 23. Qxa7 Ra8 24. Qe3 Rae8 25. Qh3 h6 26. Ne6 Qe7 27. Nxf8 Rxf8
28. Bf3 e4 29. Bg4 Rxf4 30. Be6+ Kh8 31. Bd5 Bc8 32. Qxc8+ {Black resigns} 1-0

[Event "Team 45 45 League T61"]
[Site "Internet Chess Club"]
[Date "2014.06.27"]
[Round "5"]
[White "alexping"]
[Black "santiagoelawad"]
[Result "1/2-1/2"]
[WhiteElo "1869"]
[BlackElo "1952"]
[Opening "QGD Slav: 4.Nc3"]
[ECO "D15"]
[Time "13:01:48"]
[TimeControl "2700+45"]

1. d4 d5 2. c4 c6 3. Nc3 Nf6 4. Nf3 a6 5. c5 g6 6. Bf4 Bg7 7. h3 Bf5 8. e3 O-O
9. Qb3 Qc8 10. Na4 Nbd7 11. Ne5 Ra7 12. g4 Be6 13. Be2 Nxe5 14. Bxe5 Nd7 15.
Bxg7 Kxg7 16. f4 f5 17. g5 Qc7 18. Nb6 Qd8 19. a4 Nxb6 20. cxb6 Ra8 21. a5 Qd6
22. Rc1 Rfd8 23. Rc5 Rh8 24. Kd2 h6 25. gxh6+ Rxh6 26. Qd1 Rah8 27. Qf1 Bc8 28.
Qg2 Qf6 29. b4 Rh4 30. Rcc1 Kf7 31. Kc3 Qe6 32. Qg3 R8h6 33. Rcg1 Qf6 34. Qf3
Qh8 35. Rg3 Rg4 36. Qf2 Rxg3 37. Qxg3 Rh4 38. Bf1 Qh6 39. Rg1 Kf6 40. Qf2 Qh5
41. Kd2 Qh8 42. Rg3 Qh6 43. Qg2 Qh5 44. Be2 Qh6 45. Bf3 e6 46. Be2 Qh7 47. Bf1
Rh6 48. Rf3 Rh5 49. Rg3 Rh4 50. Qf2 Qh6 51. Kc3 Qh7 52. Rg5 Qh6 53. Rg3 Qh7 54.
Kb3 Rh6 55. Rg5 Rh4 56. Qg3 Rh6 57. Qg2 Rh4 58. Qf2 Rh6 59. Qc2 Qe7 60. Rg1 Kf7
61. Rg5 Kf6 62. Qg2 Qh7 63. Rg3 Rh4 64. Rf3 Qh6 65. Qf2 Qh7 66. Qc2 Qe7 67. Qg2
Kf7 68. Rg3 Qf6 69. Rg5 Rh6 70. Ka3 Qh8 71. Rg3 Kf6 72. Rf3 Rh5 73. Qg3 Qh6 74.
Rf2 Rh4 75. Rc2 Kf7 76. Kb3 Rh5 77. Rf2 Qh8 78. Rh2 Rh4 79. Rh1 Qh5 80. Kc2 Qh6
81. Rg1 Kf6 82. Qe1 Kf7 83. Rg3 Kf6 84. Qc3 Qf8 85. Rg5 Kf7 86. Kb3 Qd6 87. Qe1
Rh6 88. Qg3 Qf8 89. Qh2 Qh8 90. Rg1 Rh4 91. Qg2 Qh6 92. Qg5 Qxg5 93. Rxg5 Kf6
94. Rg3 Rh7 95. Kc3 Rg7 96. Rg5 Rh7 97. Kd3 Rh4 98. Ke2 Rh6 99. Kf3 Rh4 100. Kg3
Rh8 101. Kh2 Bd7 102. Rg2 Rg8 103. h4 Rh8 104. Kh3 Be8 105. Be2 Bf7 106. Rg5 Be8
107. Rg1 Ke7 108. Rg5 Bf7 109. Rg1 Be8 110. Rc1 Kd6 111. Bf3 Bf7 112. Rg1 Ke7
113. Be2 Be8 {Game drawn by repetition} 1/2-1/2

[Event "Team 45 45 League T61"]
[Site "Internet Chess Club"]
[Date "2014.06.29"]
[Round "5"]
[White "justice02"]
[Black "bobhill"]
[Result "0-1"]
[WhiteElo "1760"]
[BlackElo "1933"]
[Opening "English: symmetrical, main line with d3"]
[ECO "A38"]
[Time "22:04:08"]
[TimeControl "2700+45"]

1. Nf3 c5 2. c4 Nc6 3. g3 g6 4. Bg2 Bg7 5. O-O Nf6 6. Nc3 O-O 7. d3 a6 8. Rb1 d6
9. a3 Bg4 10. h3 Bd7 11. Bd2 Rb8 12. b4 cxb4 13. axb4 b5 14. cxb5 axb5 15. Qc2
Qb6 16. e3 Rfc8 17. Rfc1 d5 18. Nd4 Nxd4 19. exd4 e6 20. Be3 Ne8 21. Qd2 Bxd4
22. Ne2 Bxe3 23. fxe3 Nd6 24. Kh2 Ra8 25. Rf1 Ra7 26. e4 dxe4 27. dxe4 Rac7 28.
Qf4 Be8 29. Rbd1 Nc4 30. Rf3 Qa7 31. Qg5 Rd7 32. Rfd3 Rxd3 33. Rxd3 Qf2 34. Nd4
Ra8 35. Qf4 Qb2 36. g4 e5 {White resigns} 0-1

[Event "Team 45 45 League T61"]
[Site "Internet Chess Club"]
[Date "2014.06.27"]
[Round "5"]
[White "Beetlejuice"]
[Black "fishhead"]
[Result "0-1"]
[WhiteElo "1801"]
[BlackElo "1838"]
[Opening "Nimzo-Indian: 4.e3"]
[ECO "E40"]
[Time "14:00:27"]
[TimeControl "2700+45"]

1. d4 Nf6 2. c4 e6 3. Nc3 Bb4 4. e3 Bxc3+ 5. bxc3 c5 6. Bd3 d6 7. Ne2 O-O 8. e4
e5 9. d5 h6 10. O-O Nbd7 11. Ng3 Re8 12. Nf5 Nf8 13. f3 Kh7 14. Bd2 g5 15. Qe1
Ng6 16. Bc2 Nh5 17. g3 Qf6 18. Qe2 Ng7 19. Nxg7 Qxg7 20. Kh1 f6 21. Ba4 Bd7 22.
Qd1 Rf8 23. Bxd7 Qxd7 24. Rb1 b6 25. Rb2 f5 26. Be3 Rf7 27. Kg2 Raf8 28. Qd3 f4
29. Bc1 g4 30. Rbf2 h5 31. Qe2 Kg7 32. fxg4 hxg4 33. gxf4 exf4 34. Kh1 f3 35.
Qe3 Rh8 36. Qg5 Rf6 37. Rg1 Rh4 38. Bd2 Kf7 39. Bc1 Qa4 40. Rxg4 Rxg4 41. Qxg4
Qd1+ 42. Qg1 Qd3 43. Bg5 Qxc3 44. Qf1 Ne5 45. Bxf6 Kxf6 46. h3 Qe3 47. Kh2 Qf4+
48. Kh1 Qxe4 49. Kh2 Qf4+ 50. Kh1 Qg3 51. Rc2 Kg5 52. Qg1 Kh4 53. Qxg3+ Kxg3 54.
Kg1 Kxh3 55. Kf2 Kg4 56. Rc3 Kf4 57. Rc2 Ng4+ 58. Ke1 Kg3 59. Rc3 Kg2 60. Rc2+
f2+ {White resigns} 0-1

[Event "Team 45 45 League T61"]
[Site "Internet Chess Club"]
[Date "2014.06.26"]
[Round "5"]
[White "isolani"]
[Black "misuc56"]
[Result "1-0"]
[WhiteElo "1587"]
[BlackElo "1842"]
[Opening "Queen's pawn game"]
[ECO "D02"]
[Time "17:01:07"]
[TimeControl "2700+45"]

1. d4 d5 2. Nf3 e6 3. Bf4 c6 4. e3 f5 5. Be2 Nf6 6. Ne5 Bd6 7. Nc3 a6 8. Bh5+ g6
9. Bf3 Qe7 10. Na4 Nbd7 11. Nxd7 Bxd7 12. Bxd6 Qxd6 13. Qd2 e5 14. dxe5 Qxe5 15.
Qd4 Qe7 16. O-O O-O 17. b4 Rae8 18. Nc5 Bc8 19. Nd3 Nd7 20. a3 Nf6 21. h3 Ne4
22. Rad1 Ng5 23. Be2 Qf6 24. Qxf6 Rxf6 25. Nf4 Ne4 26. Rd3 b5 27. Kh2 Rf7 28. f3
Nd6 29. Rc3 Bd7 30. g3 Rfe7 31. Ng2 Kg7 32. Kg1 Nf7 33. h4 d4 34. Rc5 dxe3 35.
Rd1 Nd8 36. Rd3 h6 37. Rcc3 g5 38. hxg5 hxg5 39. Rxe3 Rxe3 40. Rxe3 Rxe3 41.
Nxe3 Kf6 42. f4 gxf4 43. gxf4 Ne6 44. Ng2 Nd4 45. Bd3 Be6 46. Kf2 Bc4 47. Ke3
Ne6 48. Nh4 Bd5 49. Bxf5 Ng7 50. Bc8 Ne8 51. Kd4 Nd6 52. Bxa6 Nc4 53. Bxb5 Nxa3
54. Bd3 Ke6 55. c4 Bh1 56. Kc3 c5 57. bxc5 Kd7 58. Kb3 Kc6 59. Kxa3 Kxc5 60. Kb3
Kd4 61. Bg6 Bc6 62. Kb4 Bd7 63. f5 Ke5 64. Kc5 Kf6 65. Kd6 Bc8 66. c5 Ba6 67. c6
Bc8 68. c7 Kg5 69. Ke7 Kxh4 70. Kd8 Bb7 71. c8=Q Bxc8 72. Kxc8 Kg5 73. Kd8 Kf6
74. Ke8 Kg7 75. Ke7 Kg8 76. f6 Kh8 77. f7 Kg7 78. f8=Q+ Kxg6 79. Ke6 Kh7 80. Qf1
Kg6 81. Qg1+ Kh5 82. Kf5 Kh4 83. Kf4 Kh3 84. Kf3 Kh4 85. Qg4# {Black checkmated}
1-0

[Event "Team 45 45 League T61"]
[Site "Internet Chess Club"]
[Date "2014.06.28"]
[Round "5"]
[White "chess9397"]
[Black "Epcot"]
[Result "0-1"]
[WhiteElo "1717"]
[BlackElo "2100"]
[Opening "French: Tarrasch"]
[ECO "C03"]
[Time "12:06:05"]
[TimeControl "2700+45"]

1. e4 e6 2. d4 d5 3. Nd2 Be7 4. Ngf3 Nf6 5. e5 Nfd7 6. c4 O-O 7. Bd3 c5 8. Nb3
dxc4 9. Bxc4 cxd4 10. Nbxd4 Nxe5 11. Nxe5 Qa5+ 12. Bd2 Qxe5+ 13. Be3 Bb4+ 14.
Ke2 Nc6 15. Nxc6 bxc6 16. Qc2 Bc5 17. Rhe1 Bxe3 18. fxe3 Rb8 19. b3 Qxh2 20. Kf3
Qh5+ 21. Kf2 Qh4+ 22. Kf3 e5 23. Rh1 Bg4+ 24. Ke4 Bf5+ 25. Kxf5 g6+ 26. Kxe5
Rfe8+ 27. Kd6 {White resigns} 0-1

[Event "Team 45 45 League T61"]
[Site "Internet Chess Club"]
[Date "2014.06.29"]
[Round "5"]
[White "LittleButton"]
[Black "DouDou"]
[Result "1/2-1/2"]
[WhiteElo "1900"]
[BlackElo "1825"]
[Opening "King's Indian: Torre attack"]
[ECO "A48"]
[Time "10:00:16"]
[TimeControl "2700+45"]

1. d4 Nf6 2. Nf3 g6 3. Bg5 Bg7 4. Nbd2 d5 5. e3 O-O 6. Bd3 c5 7. c3 cxd4 8. exd4
Nc6 9. O-O h6 10. Bf4 g5 11. Be5 Nxe5 12. Nxe5 Qc7 13. h3 Nd7 14. Nef3 Nf6 15.
Qe1 Nh5 16. Ne5 Nf4 17. Bc2 b6 18. Qe3 Ba6 19. Rfe1 Rfe8 20. Ndf3 e6 21. h4 f6
22. Ng6 Nxg6 23. Bxg6 Re7 24. hxg5 fxg5 25. Ne5 Rf8 26. Bh5 Bxe5 27. Qxe5 Qxe5
28. Rxe5 Rf5 29. Rae1 Rxe5 30. Rxe5 Kg7 31. g3 Kf6 32. Bg4 Bd3 33. a3 {Game
drawn by mutual agreement} 1/2-1/2

[Event "Team 45 45 League T61"]
[Site "Internet Chess Club"]
[Date "2014.06.25"]
[Round "5"]
[White "pokerram"]
[Black "TacoCrafterHD"]
[Result "1-0"]
[WhiteElo "1672"]
[BlackElo "1307"]
[Opening "Grünfeld: exchange, classical variation"]
[ECO "D86"]
[Time "18:00:47"]
[TimeControl "2700+45"]

1. d4 Nf6 2. c4 g6 3. Nc3 d5 4. cxd5 Nxd5 5. e4 Nxc3 6. bxc3 Bg7 7. Bc4 c5 8.
Ne2 Qa5 9. O-O cxd4 10. cxd4 O-O 11. Be3 Nc6 12. Qb3 Qa4 13. Qxa4 {Black
resigns} 1-0

[Event "Team 45 45 League T61"]
[Site "Internet Chess Club"]
[Date "2014.06.26"]
[Round "5"]
[White "rookmaster23"]
[Black "LN09102Q"]
[Result "1/2-1/2"]
[WhiteElo "1624"]
[BlackElo "1509"]
[Opening "Ruy Lopez: 5.O-O"]
[ECO "C78"]
[Time "21:33:16"]
[TimeControl "2700+45"]

1. e4 e5 2. Nf3 Nc6 3. Bb5 a6 4. Ba4 Nf6 5. O-O b5 6. Bb3 Bc5 7. d3 h6 8. h3 d6
9. Nc3 O-O 10. Nd5 a5 11. Nxf6+ Qxf6 12. Bd5 Bb7 13. c3 Ra7 14. Qe2 Ne7 15. Bxb7
Rxb7 16. Be3 Bb6 17. Rfd1 Rd8 18. Bxb6 Rxb6 19. d4 Ng6 20. dxe5 dxe5 21. Rxd8+
Qxd8 22. Rd1 Rd6 23. Rxd6 Qxd6 24. Qxb5 Qb6 25. Qe8+ Kh7 26. Qxf7 Qxb2 27. Qxc7
Qxa2 28. Nxe5 Nxe5 29. Qxe5 a4 30. Qf5+ Kh8 31. e5 a3 32. e6 Qa1+ 33. Kh2 Qe1
34. Qf8+ Kh7 35. e7 a2 36. Qf5+ Kh8 37. Qf8+ Kh7 38. e8=Q Qxe8 39. Qxe8 a1=Q 40.
Qe4+ Kh8 41. c4 Qa7 42. f3 Qc7+ 43. Kg1 Qc5+ 44. Kf1 Qb4 45. Qd5 Qb1+ 46. Kf2
Qb2+ 47. Kg1 Qb1+ 48. Kf2 Qb2+ 49. Kf1 Qc1+ 50. Ke2 Qc2+ 51. Kf1 Qc1+ 52. Kf2
Qb2+ 53. Kg3 Qb8+ 54. f4 Qb3+ 55. Kh2 Qa4 56. Qb5 Qa8 57. c5 Qe4 58. Qb8+ Kh7
59. Qd6 Qb4 60. f5 Kg8 61. Qd8+ Kh7 62. c6 Qf4+ 63. Kg1 Qe3+ 64. Kh2 Qf4+ 65. g3
Qf2+ 66. Kh1 Qf1+ 67. Kh2 Qf2+ 68. Kh1 Qf1+ {Game drawn by mutual agreement}
1/2-1/2

[Event "Team 45 45 League T61"]
[Site "Internet Chess Club"]
[Date "2014.06.28"]
[Round "5"]
[White "gz99754539"]
[Black "sdcohle"]
[Result "1-0"]
[WhiteElo "1341"]
[BlackElo "1405"]
[Opening "French: Tarrasch, open, 4.ed ed"]
[ECO "C08"]
[Time "21:30:27"]
[TimeControl "2700+45"]

1. e4 e6 2. d4 d5 3. Nd2 c5 4. exd5 exd5 5. Ngf3 Nf6 6. Nb3 c4 7. Nbd2 Bd6 8.
Be2 O-O 9. O-O Re8 10. Re1 Nc6 11. c3 h6 12. Kh1 Qc7 13. Nf1 Re7 14. Be3 Ng4 15.
g3 Rxe3 16. Kg2 Re7 17. b3 b5 18. h3 Nf6 19. Ne3 Ne4 20. Nxd5 Nxc3 21. Nxc7 Nxd1
22. Nxa8 Nc3 23. Kf1 Bb7 24. bxc4 Bxa8 25. cxb5 Nxd4 26. Nxd4 Bc5 27. Nf5 Rxe2
28. Rxe2 Nxe2 29. Kxe2 Bd5 30. Ne3 Be6 31. g4 g6 32. Rc1 Bb6 33. Ra1 Bd4 34. Rd1
Bb6 35. a4 Bb3 36. Ra1 Bd4 37. Ra3 Be6 38. a5 Bb2 39. Rd3 Bf6 40. Nd5 Bg7 41. b6
axb6 42. axb6 Bf8 43. b7 Bd6 44. Nf6+ Kg7 45. Rxd6 Kxf6 46. b8=Q Kg7 47. Qb2+
Kf8 48. Rxe6 fxe6 49. Qh8+ Kf7 50. Qxh6 e5 51. h4 Kf6 52. h5 e4 53. Qxg6+ Ke7
54. h6 e3 55. h7 exf2 56. Kxf2 Kd7 57. h8=Q Ke7 58. Qhh7+ Kf8 59. Qgf7# {Black
checkmated} 1-0

[Event "Team 45 45 League T61"]
[Site "Internet Chess Club"]
[Date "2014.06.28"]
[Round "5"]
[White "fuzzface"]
[Black "browndeer"]
[Result "0-1"]
[WhiteElo "1341"]
[BlackElo "1512"]
[Opening "Grünfeld defense"]
[ECO "D80"]
[Time "10:00:53"]
[TimeControl "2700+45"]

1. d4 Nf6 2. c4 g6 3. Nc3 d5 4. c5 Bg7 5. e3 O-O 6. Nf3 Nc6 7. Bd3 e6 8. O-O a6
9. a3 Re8 10. b4 b5 11. Rb1 Bd7 12. a4 bxa4 13. Nxa4 Qe7 14. Bd2 Red8 15. b5
axb5 16. Bxb5 Na5 17. Bxd7 Qxd7 18. Bxa5 Rxa5 19. Nc3 Raa8 20. Ne5 Qe8 21. Nb5
Rdc8 22. Ra1 Rxa1 23. Qxa1 Qxb5 24. Rb1 Qe8 25. c6 Ne4 26. Qa6 Bxe5 27. dxe5 h6
28. g3 Ng5 29. Kg2 Rb8 30. Rb7 Ra8 31. Qb5 Qc8 32. Qb4 Qd8 33. Qc5 Ne4 34. Qb4
Ng5 35. Qc5 Kg7 36. Qb4 Nh7 37. f4 Kg8 38. Kf3 Rc8 39. Qa5 Nf8 40. h4 Nh7 41.
Qb4 Qf8 42. Qa5 Qd8 43. Qb4 Ra8 44. Qc5 Kg7 45. Qc3 Rb8 46. Qa5 Rc8 47. Qc3 Qe8
48. Qc5 Nf8 49. Qb5 Nh7 50. Qc5 Qf8 51. Qa5 Qe7 52. Qc3 Kg8 53. Qb3 Kg7 54. Qc3
Qf8 55. Qa5 Qe7 56. Qc3 Kg8 57. e4 dxe4+ 58. Kxe4 Qd8 59. Qa5 Kg7 60. Rb4 Ra8
61. Qc5 Qf8 62. Qd4 Qd8 63. Qc5 Ra1 64. Rd4 Qb8 65. Qc3 Qb1+ 66. Rd3 Qe1+ 67.
Qxe1 Rxe1+ 68. Kf3 Rc1 69. Ke4 Rxc6 70. g4 g5 71. hxg5 hxg5 72. f5 Rc4+ 73. Kf3
exf5 74. gxf5 Rf4+ 75. Kg3 Rxf5 76. Rd5 c6 77. Rc5 Kf8 78. Rxc6 Rxe5 79. Rh6 Kg7
80. Rb6 Nf6 {White resigns} 0-1

[Event "Team 45 45 League T61"]
[Site "Internet Chess Club"]
[Date "2014.06.28"]
[Round "5"]
[White "ArthurChenhd"]
[Black "Toalla"]
[Result "0-1"]
[WhiteElo "1171"]
[BlackElo "1421"]
[Opening "Sicilian: Nimzovich-Rossolimo attack (without ...d6)"]
[ECO "B30"]
[Time "13:01:31"]
[TimeControl "2700+45"]

1. e4 c5 2. Nf3 Nc6 3. Bb5 a6 4. Bxc6 bxc6 5. d4 cxd4 6. Nxd4 e5 7. Nf3 Bc5 8.
Nxe5 Qa5+ 9. Bd2 Bxf2+ 10. Kxf2 Qxe5 11. Nc3 Nf6 12. Qe2 O-O 13. Rhf1 d6 14. Kg1
Ng4 15. Bf4 Qc5+ 16. Kh1 Be6 17. Rad1 Rfd8 18. Bg5 Qxg5 19. h3 Ne3 {White
resigns} 0-1

[Event "Team 45 45 League T61"]
[Site "Internet Chess Club"]
[Date "2014.06.29"]
[Round "5"]
[White "Mitochondria"]
[Black "Electryon"]
[Result "1-0"]
[WhiteElo "1530"]
[BlackElo "1481"]
[Opening "Nimzo-Indian: Fischer variation"]
[ECO "E43"]
[Time "15:00:20"]
[TimeControl "2700+45"]

1. d4 Nf6 2. c4 e6 3. Nc3 Bb4 4. e3 b6 5. Bd3 Bb7 6. Nf3 Ne4 7. Bd2 Bxc3 8. Bxc3
Nxc3 9. bxc3 c5 10. e4 O-O 11. O-O f5 12. exf5 exf5 13. d5 d6 14. Re1 Nd7 15.
Qd2 Bc8 16. Re2 Nf6 17. Rae1 Re8 18. Ng5 g6 19. Ne6 Bxe6 20. Rxe6 Rxe6 21. Rxe6
a6 22. Bxf5 Ra7 23. Bc2 Re7 24. Rxf6 Qe8 25. Kf1 Qd7 26. Re6 Rxe6 27. dxe6 Qxe6
28. Qd5 Qxd5 29. cxd5 Kg7 30. f4 Kf6 31. g4 h6 32. a4 a5 33. Ke2 Kf7 34. Kd3 Kg7
35. Kc4 h5 36. h3 hxg4 37. hxg4 Kf6 38. Kb5 g5 39. f5 {Black resigns} 1-0

[Event "Team 45 45 League T61"]
[Site "Internet Chess Club"]
[Date "2014.06.25"]
[Round "5"]
[White "ChessMaine"]
[Black "Zyme"]
[Result "1-0"]
[WhiteElo "1502"]
[BlackElo "1358"]
[Opening "Queen's pawn game"]
[ECO "A45"]
[Time "21:00:57"]
[TimeControl "2700+45"]

1. d4 Nf6 2. e3 g6 3. Bd3 Bg7 4. Nd2 O-O 5. Ngf3 Nc6 6. c3 b6 7. O-O Bb7 8. e4
d6 9. e5 Nd5 10. exd6 cxd6 11. Re1 Qc7 12. Qb3 Nf4 13. Bb1 Rfe8 14. Nc4 Nh5 15.
Ng5 e5 16. Nxd6 Qxd6 17. Qxf7+ Kh8 18. Qxb7 Qf6 19. Nf7+ Kg8 20. Nxe5 Nxe5 21.
Rxe5 Qf8 22. Rxe8 Rxe8 23. Be3 Bh6 24. Qf3 Qxf3 25. gxf3 Bxe3 26. fxe3 Rxe3 27.
Kf2 Re7 28. Be4 Nf6 29. Re1 Kg7 30. Bd3 Rf7 31. h3 Nd5 32. Bc4 Rf5 33. Re5 Rxe5
34. dxe5 Ne7 35. Be6 g5 36. Ke3 Ng6 37. Ke4 Nf4 38. Bd7 Kf8 39. h4 h6 40. hxg5
hxg5 41. Kf5 Nd3 42. Kf6 Nxb2 43. e6 Nc4 44. e7+ Kg8 45. e8=Q+ Kh7 46. Qg6+ Kh8
47. Qg7# {Black checkmated} 1-0

[Event "Team 45 45 League T61"]
[Site "Internet Chess Club"]
[Date "2014.06.25"]
[Round "5"]
[White "AlPearson"]
[Black "seattleblues"]
[Result "1-0"]
[WhiteElo "1398"]
[BlackElo "1415"]
[Opening "Nimzo-Indian: classical variation"]
[ECO "E32"]
[Time "21:10:07"]
[TimeControl "2700+45"]

1. d4 Nf6 2. c4 e6 3. Nc3 Bb4 4. Qc2 d6 5. Bg5 h6 6. Bd2 Nc6 7. Nf3 O-O 8. e3 d5
9. Bd3 Be7 10. a3 b6 11. O-O Na5 12. cxd5 exd5 13. b4 Nc4 14. Nxd5 Nxd2 15.
Nxf6+ Bxf6 16. Nxd2 Bb7 17. Rac1 Rc8 18. Bf5 Rb8 19. Qxc7 Qd5 20. Be4 Rfc8 21.
Bxd5 Rxc7 22. Rxc7 Bxd5 23. Rfc1 Ra8 24. Rc8+ Rxc8 25. Rxc8+ Kh7 26. Kf1 Bb7 27.
Rc7 {Black resigns} 1-0

[Event "Team 45 45 League T61"]
[Site "Internet Chess Club"]
[Date "2014.06.27"]
[Round "5"]
[White "Conjurer"]
[Black "chuckh2"]
[Result "1-0"]
[WhiteElo "1199"]
[BlackElo "1469"]
[Opening "Queen's bishop game"]
[ECO "D02"]
[Time "13:00:23"]
[TimeControl "2700+45"]

1. d4 Nf6 2. Nf3 d5 3. Bf4 c5 4. e3 e6 5. c4 Nc6 6. Nc3 cxd4 7. exd4 Bd6 8. Be3
O-O 9. Bd3 a6 10. O-O Re8 11. Bg5 h6 12. cxd5 exd5 13. Be3 Bg4 14. Qb3 Na5 15.
Qd1 Rc8 16. Re1 Qc7 17. Rc1 Bxf3 18. Qxf3 Bxh2+ 19. Kf1 Bd6 20. Nxd5 Qb8 21.
Nxf6+ gxf6 22. Qg4+ Kh8 23. Bxh6 Rg8 24. Qh3 Rg6 25. Rxc8+ Qxc8 26. Qxc8+ Kh7
27. Bxg6+ Kxg6 28. Qh3 Nc6 29. Re8 Ne7 30. Rh8 f5 31. Be3 f4 32. Qg4+ Kf6 33.
Bxf4 Bxf4 34. Qxf4+ Kg7 35. Qh6# {Black checkmated} 1-0

[Event "Team 45 45 League T61"]
[Site "Internet Chess Club"]
[Date "2014.06.25"]
[Round "5"]
[White "fadoodle"]
[Black "room-matt"]
[Result "0-1"]
[WhiteElo "1596"]
[BlackElo "1844"]
[Opening "Ruy Lopez: Berlin defense, Beverwijk variation"]
[ECO "C64"]
[Time "13:05:39"]
[TimeControl "2700+45"]

1. e4 e5 2. Nf3 Nc6 3. Bb5 Bc5 4. O-O Nf6 5. d3 O-O 6. Bg5 h6 7. Bh4 d6 8. h3 g5
9. Bg3 Bd7 10. Nc3 Re8 11. Re1 g4 12. hxg4 Bxg4 13. Bxc6 bxc6 14. Bh4 Kg7 15.
Na4 Bb6 16. Nxb6 cxb6 17. Re3 Rg8 18. Qd2 Qd7 19. Nh2 Nh5 20. f3 Be6 21. Ree1
Nf4 22. Bg3 Nh5 23. Bh4 Kh7 24. Kh1 Rg6 25. Re2 Ng3+ 26. Bxg3 Rxg3 27. Rf1 Rag8
28. Rff2 Qe7 29. b3 Qh4 30. c4 R8g5 31. Rf1 Rh5 32. Kg1 Qxh2+ 33. Kf2 Rxg2+ 34.
Ke1 Qg3+ 35. Ref2 Rhh2 36. a4 Rxf2 37. Rxf2 Qg1+ 38. Rf1 Qxf1+ 39. Kxf1 Rxd2 40.
b4 Rxd3 41. a5 bxa5 42. bxa5 Bxc4 43. Ke2 Ra3+ 44. Kf2 Rxa5 45. Kg3 Kg6 46. f4
Ra3+ 47. Kg4 Be2+ 48. Kh4 exf4 49. e5 Ra1 50. exd6 Rh1# {White checkmated} 0-1

[Event "Team 45 45 League T61"]
[Site "Internet Chess Club"]
[Date "2014.06.27"]
[Round "5"]
[White "Bryant-L"]
[Black "chessnow"]
[Result "1-0"]
[WhiteElo "1699"]
[BlackElo "1560"]
[Opening "KGA: Schallop defense"]
[ECO "C34"]
[Time "10:00:27"]
[TimeControl "2700+45"]

1. e4 e5 2. f4 exf4 3. Nf3 Nf6 4. Nc3 Nc6 5. Bc4 Bc5 6. d4 Bb4 7. e5 Ne4 8. Qd3
Nxc3 9. bxc3 Be7 10. Bxf4 d6 11. O-O O-O 12. Qe4 g6 13. Bh6 Bf5 14. Qf4 Re8 15.
g4 dxe5 16. Nxe5 Nxe5 17. dxe5 Bc5+ 18. Kh1 Qd7 19. Rad1 Qe7 20. gxf5 Qxe5 21.
fxg6 Qxf4 22. gxf7+ Qxf7 23. Rxf7 {Black resigns} 1-0

[Event "Team 45 45 League T61"]
[Site "Internet Chess Club"]
[Date "2014.06.27"]
[Round "5"]
[White "Toodles"]
[Black "julesraider"]
[Result "0-1"]
[WhiteElo "1465"]
[BlackElo "1589"]
[Opening "Caro-Kann: classical variation"]
[ECO "B18"]
[Time "19:01:03"]
[TimeControl "2700+45"]

1. e4 c6 2. d4 d5 3. Nd2 dxe4 4. Nxe4 Bf5 5. Ng3 Bg6 6. Nf3 Nd7 7. Be3 e6 8. Be2
Ngf6 9. h3 Be7 10. O-O O-O 11. c3 Qc7 12. b4 a5 13. a3 Bd6 14. Kh2 Ne4 15. Rc1
Nxg3 16. fxg3 Bxg3+ 17. Kh1 axb4 18. axb4 Ra3 19. Bf2 Bf4 20. Nd2 Ra2 21. Be1
Nf6 22. Ra1 Rfa8 23. Rxa2 Rxa2 24. Bc4 Ra3 25. Nb1 Ra1 26. Bd3 Nd5 27. Bxg6 hxg6
28. Qb3 Bd6 29. Qb2 Ra8 30. Nd2 e5 31. dxe5 Bxe5 32. Nc4 Bf6 33. Rf3 Qe7 34. Bf2
Qe6 35. Na5 b6 36. Nb3 Nxb4 37. Bxb6 Qe1+ 38. Bg1 Ra2 39. Qc1 Qxc1 40. Nxc1 Rc2
41. cxb4 Rxc1 42. Kh2 Be5+ 43. g3 Rc2+ 44. Kh1 Bd6 45. Rb3 Rc1 46. Kg2 Kf8 47.
Bd4 Rc4 48. Rd3 Bxb4 49. Bb6 Rc2+ 50. Kf3 c5 51. Rd8+ Ke7 52. Rg8 c4 53. Rxg7
Kf8 54. Rh7 c3 55. Rh8+ Ke7 56. Rc8 Ba3 57. Bd4 Bb2 58. Ke3 Rg2 59. Kf3 Rc2 60.
Ke3 Kd7 61. Rc4 Rg2 62. Kf3 Rc2 63. Ke3 Rh2 64. h4 Rg2 65. Kf3 Rc2 66. Ke3 Ke6
67. Kd3 Rg2 68. Bxc3 Rxg3+ 69. Kd2 Bxc3+ 70. Rxc3 Rxc3 71. Kxc3 Kf5 {White
resigns} 0-1

[Event "Team 45 45 League T61"]
[Site "Internet Chess Club"]
[Date "2014.06.27"]
[Round "5"]
[White "KidRattler"]
[Black "almond123"]
[Result "1/2-1/2"]
[WhiteElo "1493"]
[BlackElo "1380"]
[Opening "Grünfeld: 5.Bg5"]
[ECO "D91"]
[Time "13:00:34"]
[TimeControl "2700+45"]

1. d4 Nf6 2. c4 g6 3. Nc3 d5 4. Nf3 Bg7 5. Bg5 dxc4 6. e3 O-O 7. Bxc4 Bf5 8. h3
Ne4 9. g4 Nxc3 10. bxc3 Be4 11. Bd3 Bxd3 12. Qxd3 Qd5 13. e4 Qd7 14. Be3 Nc6 15.
Rc1 Ne5 16. Nxe5 Bxe5 17. f4 Bg7 18. f5 Qd6 19. Qf1 Qg3+ 20. Qf2 Qxf2+ 21. Kxf2
c6 22. Rb1 b6 23. e5 Rfd8 24. Bg5 f6 25. exf6 exf6 26. Be3 gxf5 27. Rbg1 fxg4
28. Rxg4 Kf7 29. Rhg1 Bh8 30. Rh4 Ke6 31. Rxh7 Rd7 32. Rxd7 Kxd7 33. Bh6 Kd6 34.
Bg7 Rg8 35. Bxf6 Rxg1 36. Be5+ Bxe5 37. dxe5+ Kxe5 38. Kxg1 Kf4 39. Kf2 c5 40.
c4 a6 41. a4 a5 42. Kg2 Kg5 43. Kg3 b5 44. cxb5 c4 45. b6 c3 46. b7 c2 47. b8=Q
c1=Q 48. Qg8+ Kf5 49. Qh7+ Kf6 50. Qh4+ Ke6 51. Qg4+ Ke7 52. Qe4+ Kd7 53. Qd5+
Ke7 54. Qxa5 Qe3+ 55. Kg4 Qe4+ 56. Kh5 Qh7+ 57. Kg4 Qe4+ 58. Kg5 Qe3+ 59. Kg6
Qe6+ 60. Kg5 Qxh3 61. Qc7+ Qd7 62. Qe5+ Qe6 63. Kf4 Kd7 64. Qg7+ Qe7 65. Qxe7+
Kxe7 66. Ke5 Kd7 67. Kd5 Kc7 68. a5 Kb7 69. Kc5 Ka6 70. Kb4 Ka7 71. Kb5 Kb7 72.
a6+ Ka7 73. Ka5 Ka8 74. Kb6 Kb8 75. a7+ Ka8 76. Ka6 {Black stalemated} 1/2-1/2

[Event "Team 45 45 League T61"]
[Site "Internet Chess Club"]
[Date "2014.06.27"]
[Round "5"]
[White "Kingofknights"]
[Black "Longonjo"]
[Result "1/2-1/2"]
[WhiteElo "1673"]
[BlackElo "1617"]
[Opening "QGD Slav defense: exchange variation"]
[ECO "D10"]
[Time "19:30:16"]
[TimeControl "2700+45"]

1. d4 d5 2. c4 c6 3. cxd5 cxd5 4. Nc3 Nf6 5. Bf4 Qb6 6. Qd2 Nc6 7. e3 Bf5 8. a3
e6 9. Nf3 Be7 10. Nh4 Bg4 11. f3 Bh5 12. g4 Bg6 13. Nxg6 hxg6 14. h4 O-O-O 15.
b4 Bd6 16. Na4 Qc7 17. Bxd6 Qxd6 18. Rc1 Kb8 19. Qh2 e5 20. Bb5 exd4 21. Qxd6+
Rxd6 22. Bxc6 Rc8 23. exd4 Rdxc6 24. Rxc6 Rxc6 25. Kd2 Nd7 26. Re1 Rf6 27. Re3
Kc7 28. Nc3 Kc6 29. Ke2 Nf8 30. Re5 Re6 31. f4 f6 32. Rxe6+ Nxe6 33. Ke3 a6 34.
a4 Kd6 35. Ne2 f5 36. gxf5 gxf5 37. h5 Nc7 38. Ng3 Ke6 39. Kd3 b6 40. Kc3 {Game
drawn by mutual agreement} 1/2-1/2